 Dungeon Crawl Stone Soup version 0.19.0-19-g8c6edcc (webtiles) character file.

129 Minion the Chopper (level 4, -1/39 HPs)
             Began as a Minotaur Fighter on Nov 13, 2016.
             Shot with an arrow by a centaur (7 damage)
             ... on level 5 of the Dungeon.
             The game lasted 00:02:43 (1463 turns).

Minion the Chopper (Minotaur Fighter)               Turns: 1463, Time: 00:02:44

Health: -1/39      AC:  6    Str: 24    XL:     4   Next: 88%
Magic:  3/3        EV:  9    Int:  5    God:
Gold:   123        SH:  0    Dex: 10    Spells: 0 memorised, 3 levels left

rFire  . . .     SeeInvis .     a - +0 war axe
rCold  . . .     Gourm    .     b - +0 scale mail
rNeg   . . .     Faith    .     (no shield)
rPois  .         Spirit   .     (helmet restricted)
rElec  .         Reflect  .     (no cloak)
rCorr  .         Harm     .     (no gloves)
MR     .....                    (no boots)
Stlth  ..........               (no amulet)
                                (no ring)
                                q - +3 ring of strength

@: no status effects
A: retaliatory headbutt, horns 2
a: no special abilities


You were on level 5 of the Dungeon.
You were not hungry.

You visited 1 branch of the dungeon, and saw 4 of its levels.

You collected 123 gold pieces.

Inventory:

Hand Weapons
 a - a +0 war axe (weapon)
Armour
 b - a +0 scale mail (worn)
Jewellery
 q - a +3 ring of strength (left hand)
Wands
 o - a wand of random effects (30/48)
Scrolls
 e - a scroll of remove curse {unknown}
 h - 2 scrolls of identify {unknown}
 j - 5 scrolls of magic mapping {unknown}
 k - a scroll of teleportation {unknown}
 l - a scroll of fear {unknown}
 n - a scroll of enchant weapon {unknown}
 t - a scroll of amnesia {unknown}
 x - a scroll of blinking {unknown}
Potions
 c - a potion of mutation {unknown}
 d - a potion of might
 g - 2 potions of degeneration {unknown}
 i - a potion of berserk rage {unknown}
 m - a potion of brilliance {unknown}
 p - a potion of flight {unknown}
 r - a potion of curing {unknown}
 s - a potion of haste {unknown}
 v - a potion of invisibility {unknown}
Comestibles
 f - a bread ration
 u - 3 chunks of flesh
 w - a meat ration


   Skills:
 - Level 3.6 Fighting
 + Level 6.2 Axes
 - Level 3.6 Armour
   Level 3.6 Shields


You had 3 spell levels left.
You didn't know any spells.

Dungeon Overview and Level Annotations

Branches:
Dungeon (3/15)

Altars:
Cheibriados
Fedhas
Hepliaklqana
Trog
Xom

Annotations:
D:5 eggzz's ghost, novice DECj


Innate Abilities, Weirdness & Mutations

You reflexively headbutt those who attack you in melee.
You have a pair of horns on your head.


Message History

An adder comes into view.
The jackal bites you but does no damage.
You closely miss the jackal.
The adder hisses angrily.
Your headbutt misses the jackal. You closely miss the shadow imp.
You slash the jackal!
You kill the jackal!
The jackal bites you but does no damage.
The shadow imp completely misses you.
A centaur comes into view.
The centaur shouts!
The jackal barely misses you. x2
The centaur wields a shortbow.
The centaur shoots an arrow.
The arrow barely misses you. The shadow imp gestures at you.
Pain shoots through your body!
* * * LOW HITPOINT WARNING * * *
You see here an arrow.
The centaur shoots an arrow.
The arrow hits you!
You die...

##
####.#..J........#
.....#.#####.....#
###....W###S....##
#......Z#......#.
#...#.#.J..(.....
#...#.5##5.......
#.....#.##........
#)##....5(h.......
.......####@.......
....##. #...(.c..
.# #. ..#....##
.##...### .> .#...
.. ###### <.# ###


You could see a centaur, a jelly, an adder, 2 shadow imps and a jackal.

Vanquished Creatures
  A bullfrog skeleton (D:5)
  Ijyb (D:2)
  An ooze (D:2)
  A worm (D:2)
  2 dart slugs
  A leopard gecko (D:1)
  A ball python (D:1)
  5 bats
  3 giant cockroaches
  6 goblins
  6 hobgoblins
  9 jackals
  10 kobolds
  3 quokkas
  3 frilled lizards
  A giant cockroach zombie (D:5)
  6 rats
60 creatures vanquished.

Notes
Turn   | Place    | Note
-------+----------+-------------------------------------------
     0 | D:1      | Minion the Minotaur Fighter began the quest for the Orb.
     0 | D:1      | Reached XP level 1. HP: 19/19 MP: 0/0
    89 | D:1      | Reached skill level 3 in Axes
   143 | D:1      | Reached XP level 2. HP: 25/26 MP: 1/1
   381 | D:1      | Reached skill level 4 in Axes
   527 | D:1      | Reached XP level 3. HP: 25/31 MP: 2/2
   720 | D:2      | Found a hazy altar of Hepliaklqana.
   741 | D:2      | Found a bloodstained altar of Trog.
   855 | D:2      | Reached skill level 5 in Axes
   890 | D:2      | Found a shimmering altar of Xom.
   896 | D:2      | Noticed Ijyb
   899 | D:2      | Found a snail-covered altar of Cheibriados.
   951 | D:2      | Killed Ijyb
   951 | D:2      | Reached XP level 4. HP: 39/39 MP: 3/3
  1254 | D:3      | Found a blossoming altar of Fedhas.
  1405 | D:3      | You fall through a shaft for 2 floors!
  1405 | D:5      | Entered Level 5 of the Dungeon
  1433 | D:5      | Reached skill level 6 in Axes
  1449 | D:5      | Noticed eggzz's ghost (novice DECj)
  1461 | D:5      | Noticed a centaur
  1463 | D:5      | Shot with an arrow by a centaur

Skill      XL: |  1  2  3  4 |
---------------+-------------+-----
Axes           | 3 4 5 6 |  6.2
Fighting       | |  3.6
Armour         | |  3.6
Shields        | |  3.6

Action                   |  1- 3 |  4- 6 || total
-------------------------+-------+-------++-------
Melee: War axe           |    95 |    26 ||   121
       Headbutt          |    14 |     7 ||    21
  Eat: Chunk             |       |     2 ||     2
Armor: Scale mail        |    61 |    14 ||    75
Dodge: Dodged            |    50 |    13 ||    63
